 Dungeon Crawl Stone Soup version 0.31.0-32-g396128a36d (webtiles) character file.

Game seed: 6399030065743061392

1113 adizb the Shooter (level 8, -7/45 HPs)
             Began as a Deep Elf Hunter on Apr 17, 2024.
             Mangled by an ogre
             ... wielding a +0 giant club
              (32 damage)
             ... on level 5 of the Dungeon.
             The game lasted 00:18:43 (2884 turns).

adizb the Shooter (Deep Elf Hunter)                 Turns: 2884, Time: 00:18:44

Health: -7/45      AC: 10    Str:  8    XL:     8   Next: 12%
Magic:  10/10      EV: 15    Int: 15    God:
Gold:   323        SH:  0    Dex: 26    Spells: 7/7 levels left

rFire   + + .        o - +8 lance "Wyrmbane" {slay drac, rPois rF+ rC+ AC+3}
rCold   + . .        (no shield)
rNeg    . . .        c - +0 leather armour
rPois   +            q - +0 helmet
rElec   .            h - +1 cloak
rCorr   .            w - +0 pair of gloves
SInv    .            (no boots)
Will    .....        (no amulet)
Stlth   ++           e - ring of protection from fire
HPRegen 0.27/turn    u - +6 ring of dexterity
MPRegen 0.12/turn

%: no passive effects
@: no status effects
A: no striking features
a: no special abilities


You were on level 5 of the Dungeon.
You visited 1 branch of the dungeon, and saw 5 of its levels.

You collected 323 gold pieces.

Inventory:

Hand Weapons
 a - a +1 shortbow
 o - the +8 lance "Wyrmbane" (weapon) {slay drac, rPois rF+ rC+ AC+3}
   (You found it on level 4 of the Dungeon)

   AC+3:      It affects your AC (+3).
   rF+:       It protects you from fire.
   rC+:       It protects you from cold.
   rPois:     It protects you from poison
Missiles
 v - 2 throwing nets (quivered)
Armour
 c - a +0 leather armour (worn)
 h - a +1 cloak (worn)
 q - a +0 helmet (worn)
 w - a +0 pair of gloves (worn)
Magical Staves
 k - a staff of air
Jewellery
 e - a ring of protection from fire (left hand)
 u - a +6 ring of dexterity (right hand)
Scrolls
 d - a scroll of enchant armour
 g - 4 scrolls of teleportation
 m - a scroll of noise {unknown}
 n - a scroll of acquirement {unknown}
 t - a scroll of brand weapon
Potions
 b - a potion of brilliance {unknown}
 f - a potion of heal wounds {unknown}
 i - 3 potions of magic {unknown}
 j - a potion of cancellation {unknown}
 l - 2 potions of might {unknown}
 p - 2 potions of curing {unknown}
 r - a potion of mutation {unknown}
 s - a potion of invisibility {unknown}


   Skills:
 - Level 2.5 Fighting
 * Level 5.3 Polearms
 - Level 7.0 Ranged Weapons
 - Level 2.0 Armour
 + Level 4.9 Dodging
 - Level 1.2 Stealth


You had 7 spell levels left.
You didn't know any spells.
Your spell library contained the following spells:

 Spells                   Type           Power      Damage    Failure   Level
 Cigotuvi's Dreadful Rot  Necr/Alch/Air  0%         N/A       50%         2
 Dispel Undead            Necr           0%         3d6       98%         4
 Martyr's Knell           Necr/Summ      0%         N/A       98%         4
 Death Channel            Necr           0%         N/A       100%        6


Dungeon Overview and Level Annotations

Branches:
Dungeon (5/15)
 Temple: D:4-7

Altars:


Message History

You closely miss Prince Ribbit.
Prince Ribbit is almost dead.
Prince Ribbit barely misses you.
You barely miss Prince Ribbit.
Prince Ribbit is almost dead.
Prince Ribbit misses you.
You puncture Prince Ribbit!
You kill Prince Ribbit!
Prince Ribbit returns to his original shape as he dies.
Your Polearms skill increases to level 5!
You have reached level 8!
You feel clever.
You now have 303 gold pieces (gained 15).
You start resting.
A scorpion comes into view.
You hit the scorpion.
The scorpion is moderately wounded.
The scorpion stings you but does no damage.
You puncture the scorpion!
The scorpion is severely wounded.
The scorpion completely misses you.
You hit the scorpion.
You kill the scorpion!
There is a stone staircase leading down here.
You now have 323 gold pieces (gained 20).
You see here a +0 whip.
There is a stone staircase leading down here.
Found a robe.
HP restored.
Found a stone staircase leading down.
A quokka and an ogre come into view.
The ogre shouts!
You hit the ogre.
The ogre is lightly wounded.
The ogre hits you with a +0 giant club!!
You barely miss the ogre.
The ogre is lightly wounded.
The ogre hits you with a +0 giant club!!
Ouch! That really hurt!
You die...

.....#### #)####.##.
..... ....####>....<##. .
.....# #..#.....#####.
........####.....#.#####.
..........#[..........#..
............##...##......
...............†.#####...
......##.....#.........#.
.......O@.........#######
.......####.........#####
....... ####...##......
.....O. #...####[...
.....r. ##### ###..
.>..... #.. ......# ###
.....# #. #.


You could see an ogre.

Vanquished Creatures
  Prince Ribbit (D:5)
  Edmund (D:5)
  An ogre (D:5)
  A phantom (D:5)
  Blork the orc (D:5)
  2 scorpions (D:5)
  2 howler monkeys
  A bombardier beetle (D:4)
  3 hounds
  2 iguanas
  Robin (D:4)
  4 gnolls
  6 adders
  2 shadow imps (D:5)
  An orc (D:3)
  7 ball pythons
  5 bats
  7 endoplasms
  2 giant cockroaches
  14 goblins
  12 hobgoblins
  4 jackals (D:1)
  5 quokkas
  2 frilled lizards (D:1)
  11 kobolds
  5 rats
103 creatures vanquished.

Notes
Turn   | Place    | Note
-------+----------+-------------------------------------------
     0 | D:1      | adizb the Deep Elf Hunter began the quest for the Orb.
     0 | D:1      | Reached XP level 1. HP: 12/12 MP: 3/3
   131 | D:1      | Reached XP level 2. HP: 17/17 MP: 4/4
   579 | D:2      | Reached skill level 6 in Ranged Weapons
   600 | D:2      | Reached XP level 3. HP: 21/21 MP: 5/5
   642 | D:2      | Reached skill level 1 in Armour
  1042 | D:1      | Reached XP level 4. HP: 26/26 MP: 6/6
  1449 | D:3      | Found a faded altar of an unknown god.
  1471 | D:3      | Identified the +1 flail of Nenguups {antimagic, rF+ Int+4
                  | Stlth+}
  1932 | D:4      | Reached skill level 7 in Ranged Weapons
  1932 | D:4      | Reached XP level 5. HP: 31/31 MP: 7/7
  1987 | D:4      | Found the +8 lance "Wyrmbane" {slay drac, rPois rF+ rC+
                  | AC+3}
  2045 | D:4      | Noticed Robin
  2061 | D:4      | Killed Robin
  2062 | D:4      | Reached skill level 1 in Polearms
  2183 | D:4      | Reached XP level 6. HP: 36/36 MP: 8/8
  2405 | D:5      | Entered Level 5 of the Dungeon
  2406 | D:5      | Found the +5 woodcutter's axe
  2436 | D:5      | Noticed Edmund
  2454 | D:5      | Killed Edmund
  2504 | D:5      | Reached XP level 7. HP: 13/40 MP: 9/9
  2543 | D:5      | Noticed Blork the orc
  2624 | D:5      | Killed Blork the orc
  2711 | D:5      | Noticed Prince Ribbit
  2753 | D:5      | Killed Prince Ribbit
  2754 | D:5      | Reached skill level 5 in Polearms
  2754 | D:5      | Reached XP level 8. HP: 17/45 MP: 10/10
  2884 | D:5      | Mangled by an ogre

Illustrated notes

Levels and vault maps discovered:
D:1:      wheals_arrival_shading, layout_loops_corners
D:2:      layout_loops_cross, moated_statue
D:3:      layout_loops_cross, basic_ecumenical_altar, glass_columns_a,
          chequers_serial_rivers_large_a, kennysheep_decorative_pillar
D:4:      layout_rooms, uniq_robin
D:5:      layout_rooms, uniq_prince_ribbit1, uniq_blork_the_orc, uniq_edmund

Skill      XL: |  1  2  3  4  5  6  7 |
---------------+----------------------+-----
Ranged Weapons | 6 7 |  7.0
Armour         | 1 2 |  2.0
Fighting       | 2 |  2.5
Polearms       | 2 3 5 |  5.3
Dodging        | 4 |  4.9
Stealth        | |  1.2

Action                     |  1- 3 |  4- 6 |  7- 9 || total
---------------------------+-------+-------+-------++-------
  Melee: Lance             |       |    80 |    56 ||   136
         Punch             |       |     1 |     1 ||     2
   Fire: Shortbow          |   110 |    51 |       ||   161
    Use: Scroll            |     2 |     4 |       ||     6
   Stab: Sleeping          |       |     1 |       ||     1
         Distracted        |       |     1 |     1 ||     2
 Armour: Leather armour    |    18 |    35 |    20 ||    73
  Dodge: Dodged            |    35 |    39 |    34 ||   108
